[Event "*** SCC Grand Prix: Titled Tuesday Blitz"]
[Site "Chess.com"]
[Date "2020.07.07"]
[Round "3"]
[White "Grischuk"]
[Black "Kobalia"]
[Result "1-0"]
[WhiteElo "3052"]
[BlackElo "2690"]
[TimeControl "180+1"]
[EndTime "10:30:39 PDT"]
[Termination "Grischuk won on time"]

1. Nf3 d5 2. d3 Nf6 3. g3 Bg4 4. Nbd2 Nbd7 5. h3 Bh5 6. g4 Bg6 7. Nh4 e5 8. e3 Bd6 9. Bg2 c6 10.
Qe2 O-O 11. O-O a5 12. c4 Nc5 13. Nxg6 hxg6 14. g5 Nh5 15. cxd5 Qxg5 16. dxc6 bxc6 17.
Qg4 Qe7 18. Qc4 Rad8 19. Nb3 Nxb3 20. Qxb3 Bc7 21. Rd1 Nf6 22. Bd2 e4 23. Be1 Qe5 24. Kf1 exd3 25. Rxd3 a4 26. Qc3 Qb5 27. Rd1 Rxd3 28.
Qxd3 Qxb2 29. Qc4 Qb5 30. Qxb5 cxb5 31. Bc6 Rb8 32. Rb1 a3 33. Bb4 Rb6 34. Rc1 Be5 35.
Ke2 g5 36. Rc2 Bb2 37. Rc5 g4 38. hxg4 Nxg4 39. Bxb5 g6 40. Ba5 Rb8 41. Bc4 Kg7 42. Bd5 Nf6 43. Bc4 Nd7 44. Rc7 Ne5 45. Bd2 Nxc4 46.
Rxc4 Kf6 47. f4 Ke6 48. Ra4 Rb7 49. Bb4 f5 50. Bxa3 Bxa3 51. Rxa3 Rb2+ 52. Kd3 Rb1 53. Ra6+ Kf7 54. a4 Rd1+ 55. Kc4 Re1 56. Kd3 Rd1+ 57. Kc2 Re1 58. Kd2 Ra1 59. a5 Ra3 60. Ke2 Kg7 61. Kf3 Kf7 62. Ra8 Kg7 63. a6 Kh7 64. Ke2 Kg7 65. Kd2 Kh7 66. Kc2 Rxe3 67. Kb2 Re2+ 68. Kb3 1-0

[Event "*** SCC Grand Prix: Titled Tuesday Blitz"]
[Site "Chess.com"]
[Date "2020.07.07"]
[Round "3"]
[White "K-Nygren"]
[Black "rugbyclub"]
[Result "1-0"]
[WhiteElo "2479"]
[BlackElo "2150"]
[TimeControl "180+1"]
[EndTime "10:30:39 PDT"]
[Termination "K-Nygren won on time"]

1. e4 e5 2. Nf3 Nc6 3. Bb5 a6 4. Ba4 Nf6 5. O-O Be7 6. Re1 b5 7. Bb3 O-O 8. c3 d6 9. h3 Nb8 10. d4 Nbd7 11. Nbd2 Bb7 12. Bc2 Re8 13. Nf1 Bf8 14. Ng3 g6 15. Bg5 h6 16. Bd2 c5 17. d5 c4 18. Qc1 Kh7 19. Rf1 Bg7 20. Nh2 Nc5 21. b4 cxb3 22. axb3 Ncd7 23. Qe1 Rc8 24. Kh1 Nb6 25. f3 Qe7 26. Qf2 Nfd7 27. Rae1 Rf8 28. Bb1 Nc5 29. Be3 Qc7 30. Bc2 Ncd7 31.
Bd2 Nc5 32. Ng4 Rce8 33. f4 exf4 34. Bxf4 Ncd7 35. Nf5 gxf5 36. exf5 f6 37. Bxh6 Ne5 38. Rxe5 dxe5 39. Qh4 Kg8 40. Rf3 Nxd5 41. Rg3 Re7 42.
Bxg7 Rxg7 43. Nh6+ Kh7 44. Nf7+ Kg8 45. Qh8+ Kxf7 46. Qxg7+ Ke8 47. Qg6+ Kd8 48. c4 bxc4 49. bxc4 Nf4 50. Qg4 Kc8 51. Rc3 Rd8 52. c5 Bxg2+ 53. Kg1 Rd2 54. Qg8+ Kb7 55. Qb3+ Ka7 56. c6 Nxh3+ 57.
Kh2 e4+ 58. Rg3 Nf4 59. Qe3+ Ka8 60. Qxd2 Qh7+ 61. Kg1 Qh1+ 62. Kf2 Qf1+ 63. Ke3 Qg1+ 64. Kxf4 1-0

[Event "*** SCC Grand Prix: Titled Tuesday Blitz"]
[Site "Chess.com"]
[Date "2020.07.07"]
[Round "3"]
[White "UKR_Master"]
[Black "WonderChampion"]
[Result "1-0"]
[WhiteElo "2297"]
[BlackElo "2027"]
[TimeControl "180+1"]
[EndTime "10:30:41 PDT"]
[Termination "UKR_Master won by checkmate"]

1. e4 c5 2. Nf3 g6 3. c3 Nf6 4. e5 Nd5 5. d4 cxd4 6. cxd4 Nc6 7. Bc4 Nb6 8. Bb3 Bg7 9. Qe2 Qc7 10. Nc3 O-O 11. Bf4 Na5 12. d5 Nxb3 13. axb3 Qc5 14. Be3 Qb4 15. O-O Qg4 16. Bxb6 a6 17. Qe4 Qxe4 18. Nxe4 d6 19. exd6 exd6 20. Bd4 Bf5 21. Bxg7 Kxg7 22. Nxd6 Bg4 23. Nxb7 Rab8 24. Nc5 Rfc8 25.
Rfc1 Rb5 26. Ne6+ Bxe6 27. dxe6 Re8 28. exf7 Kxf7 29. Rc3 Rd5 30. Rac1 Red8 31. g3 Rf5 32. Kg2 Rf8 33. Rc7+ Kg8 34. R1c3 a5 35. R7c5 R5f6 36. Rxa5 h6 37. b4 g5 38. h3 g4 39. hxg4 Rg6 40.
g5 h5 41. Nh4 Rb6 42. b5 Rfb8 43. Rc5 Rd6 44. Ra6 Rd7 45. Rg6+ Kh7 46. Rh6+ Kg8 47. Rf5 Rg7 48. Rff6 Rxb5 49. Rfg6 Rxg5 50. Rxg7+ Rxg7 51. Rb6 Rc7 52. b4 Rc3 53. Rg6+ Kh7 54. Rg5 Kh6 55. Rc5 Rb3 56. b5 Rb4 57. Nf5+ Kg6 58. Ne3 Rb3 59. Rc6+ Kf7 60. b6 Ke8 61. Rh6 Kd7 62. Rxh5 Rxb6 63.
g4 Rg6 64. Kg3 Ke6 65. f4 Kf6 66. Ra5 Rg8 67. g5+ Kg6 68. Kg4 Re8 69. f5+ Kg7 70. Ra7+ Kg8 71. Nd5 Re4+ 72. Kh5 Rd4 73. Kg6 Rxd5 74. Ra8+ Rd8 75. Rxd8# 1-0

[Event "*** SCC Grand Prix: Titled Tuesday Blitz"]
[Site "Chess.com"]
[Date "2020.07.07"]
[Round "3"]
[White "grunbergmihai"]
[Black "Jungle_Jaguar"]
[Result "1-0"]
[WhiteElo "2435"]
[BlackElo "2649"]
[TimeControl "180+1"]
[EndTime "10:30:42 PDT"]
[Termination "grunbergmihai won by checkmate"]

1. Nf3 Nf6 2. c4 c6 3. g3 d5 4. Bg2 Bg4 5. O-O Nbd7 6. d3 e5 7. cxd5 cxd5 8. Qa4 Bd6 9. Nc3 d4 10. Nb5 Bb8 11. e3 dxe3 12. Bxe3 O-O 13. Rfe1 a6 14. Nc3 Re8 15. Bg5 h6 16. Qxg4 Nxg4 17. Bxd8 Rxd8 18. Bh3 Ngf6 19. Ne4 b5 20. Rac1 Nb6 21. Nxf6+ gxf6 22. Rc6 Nd5 23. a3 Kg7 24. Nh4 Ne7 25. Nf5+ Nxf5 26.
Bxf5 Ba7 27. Rec1 Bd4 28. b3 Bb2 29. R1c2 Bxa3 30. Ra2 Bb4 31. Raxa6 Rxa6 32. Rxa6 Bc3 33. Kg2 b4 34. Ra7 Bd4 35. Rb7 Bc5 36. h4 Rd6 37. Kf3 Ra6 38. Rc7 Bd4 39. h5 Ra2 40. Bg6 Rxf2+ 41.
Ke4 Re2+ 42. Kd5 Re3 43. Rxf7+ Kg8 44. Rb7 Rxg3 45. Rxb4 Rg5 46. Rb8+ Kg7 47. Ke6 e4 48. dxe4 Re5+ 49. Kd6 Bc5+ 50. Kc6 Be3 51. b4 Bf4 52. b5 Re6+ 53. Kb7 Bxb8 54. Kxb8 Rb6+ 55. Kc7 Rxb5 56. Kd6 Re5 57. Kc6 Kf8 58. Kd6 Re6+ 59. Kxe6 Kg7 60.
Kf5 Kf8 61. Kxf6 Kg8 62. e5 Kh8 63. e6 Kg8 64. e7 Kh8 65. e8=Q# 1-0

[Event "*** SCC Grand Prix: Titled Tuesday Blitz"]
[Site "Chess.com"]
[Date "2020.07.07"]
[Round "3"]
[White "zaur-mammadov"]
[Black "Dedic8"]
[Result "1-0"]
[WhiteElo "2601"]
[BlackElo "2782"]
[TimeControl "180+1"]
[EndTime "10:30:43 PDT"]
[Termination "zaur-mammadov won on time"]

1. e4 e5 2. Nf3 Nc6 3. Nc3 Nf6 4. Be2 g6 5. d4 exd4 6. Nxd4 d6 7. Nxc6 bxc6 8.
Bg5 Bg7 9. e5 dxe5 10. Qxd8+ Kxd8 11. O-O-O+ Ke7 12. Bf3 Be6 13. Bxc6 Rad8 14. Be3 Nd7 15. Nd5+ Bxd5 16. Rxd5 Nb6 17. Ra5 Kd6 18. Bf3 e4 19. Bc5+ Ke6 20. Be2 Bh6+ 21. Kb1 Rd2 22. Re1 Rhd8 23. a4 f5 24. Rxa7 Nd5 25. Bc4 Ke5 26. Bxd5 Kxd5 27. Bb4 Rd4 28. Bc3 c5 29. Bxd4 cxd4 30.
Rxh7 Bf4 31. Rg7 Rd6 32. Rd1 Be5 33. Rg8 Kc4 34. b3+ Kd5 35. Rc8 Rb6 36. Rc4 f4 37. Ka2 e3 38. fxe3 fxe3 39. Rc8 Ke4 40. Re8 Rf6 41. a5 Ra6 42. b4 Kd5 43. Kb3 Bxh2 44. Ka4 Ra7 45. b5 Bc7 46. b6 Bxb6 47. Kb5 Bxa5 48.
Ra1 Rb7+ 49. Ka6 Bc3 50. Rd1 Rb2 51. Rxe3 Rxc2 52. Rg3 Ra2+ 53. Kb7 Kc4 54. Rxg6 d3 55. Rc6+ Kd4 56. Rd6+ Kc4 57. R1xd3 Rxg2 58. Rf3 Rb2+ 59.
Kc6 Rc2 60. Rf4+ Kb3 61. Kb5 Rb2 62. Rc6 Bd2 63. Rf3+ Ka2+ 64. Kc4 Rb4+ 65. Kd3 Rb2 66. Rf2 Bb4 67. Ra6+ Kb3 68. Rxb2+ Kxb2 69. Rb6 Kb3 70. Rb7 Ka4 71. Kc4 1-0

[Event "*** SCC Grand Prix: Titled Tuesday Blitz"]
[Site "Chess.com"]
[Date "2020.07.07"]
[Round "3"]
[White "GuuBol"]
[Black "maximnovik"]
[Result "1/2-1/2"]
[WhiteElo "2267"]
[BlackElo "2498"]
[TimeControl "180+1"]
[EndTime "10:30:43 PDT"]
[Termination "Game drawn - insufficient material"]

1. e4 c6 2. d4 d5 3. Nd2 dxe4 4. Nxe4 Bf5 5. Ng3 Bg6 6. Nf3 e6 7. h4 h6 8. Ne5 Bh7 9. Bd3 Bxd3 10. Qxd3 Nd7 11.
Bf4 Nxe5 12. Bxe5 Qa5+ 13. c3 Nf6 14. Bxf6 gxf6 15. Ne4 Be7 16. Qf3 f5 17. Nd2 O-O-O 18. O-O-O Qxa2 19. Kc2 Qd5 20. g3 Qxf3 21. Nxf3 Bf6 22.
Rhe1 Rhg8 23. Ra1 a6 24. Ra5 Rd5 25. Ra4 Rg4 26. Nd2 f4 27. Ne4 Be7 28. f3 Rxg3 29.
Nxg3 fxg3 30. Re4 Rf5 31. Ra1 Rxf3 32. Rg4 f5 33. Rg7 Bxh4 34. Re1 Bf6 35. Rg6 Rf2+ 36.
Kd3 Bg5 37. Rexe6 Kc7 38. Re1 Rxb2 39. c4 g2 40. c5 Rd2+ 41. Kc3 Re2 42. Rg1 f4 43.
Rg7+ Kb8 44. Rf7 Re3+ 45. Kc4 f3 46. Rb1 b5+ 47. cxb6 Bh4 48. b7 Re8 49. Rxf3 Rg8 50. Rg1 Kxb7 51. Rh3 Bf6 52. Rh2 Rg4 53. Rgxg2 Rxd4+ 54. Kc5 Rd5+ 55. Kc4 Bd4 56. Rxh6 Rd7 57. Rg3 Bb6 58. Rb3 a5 59. Rh1 Rd4+ 60. Kc3 c5 61.
Rh6 Rb4 62. Rxb4 cxb4+ 63. Kb3 Ka6 64. Ka4 Kb7 65. Rh7+ Bc7 66. Rh6 Bb6 67. Rh7+ Bc7 68. Kb5 b3 69. Rh2 Be5 70. Rh3 b2 71. Rb3 Kc7 72.
Kxa5 Kc6 73. Rxb2 Bxb2 1/2-1/2

[Event "*** SCC Grand Prix: Titled Tuesday Blitz"]
[Site "Chess.com"]
[Date "2020.07.07"]
[Round "3"]
[White "KNCP_719"]
[Black "FMOlexandrProhorov"]
[Result "1-0"]
[WhiteElo "2478"]
[BlackElo "2137"]
[TimeControl "180+1"]
[EndTime "10:30:43 PDT"]
[Termination "KNCP_719 won by resignation"]

1. d4 g6 2. e4 Bg7 3. Nc3 c6 4. h3 d5 5. Nf3 dxe4 6. Nxe4 Nd7 7. Bd3 Ngf6 8. Nxf6+ Nxf6 9. O-O O-O 10. Re1 Qc7 11. Ne5 Be6 12. Bf4 Qb6 13. Bc4 Nd5 14. Bg3 Rad8 15. Bb3 a5 16. a4 c5 17. Nc4 Qa6 18.
dxc5 Ne3 19. Nxe3 Rxd1 20. Raxd1 Bxb3 21. cxb3 Bxb2 22. Nc4 Bf6 23. Nb6 Re8 24. Bc7 e6 25. Rd7 Bc3 26. Re3 Bb4 27. Bd6 Bd2 28. Rf3 f5 29. Be5 Qe2 30. Rg7+ Kh8 31. Nd7 Qe1+ 32. Kh2 Qxe5+ 33. Nxe5 Kxg7 34. Nc4 Bb4 35. Rd3 Re7 36. f4 h6 37. Kg3 Rc7 38. Kf3 Kf6 39. g4 Bxc5 40.
Ne5 Be7 41. Nd7+ Kf7 42. Nb6 Rc6 43. Nc4 Rc7 44. Nxa5 fxg4+ 45. hxg4 h5 46. Nc4 hxg4+ 47. Kxg4 Kf6 48. Ne5 Rc1 49. Nd7+ Kf7 50. Ne5+ Kf6 51. Rd7 Rg1+ 52. Kf3 g5 53. Ng4+ Kf7 54. fxg5 Rf1+ 55. Ke2 Rf4 56. Ne5+ Ke8 57. Rxe7+ Kxe7 58. Ng6+ Kf7 59.
Nxf4 e5 60. Nd3 Ke6 61. Ke3 Kf5 62. Nc5 Kxg5 63. Nxb7 Kf5 64. a5 1-0

[Event "*** SCC Grand Prix: Titled Tuesday Blitz"]
[Site "Chess.com"]
[Date "2020.07.07"]
[Round "3"]
[White "Rap_woyska"]
[Black "Joshukid"]
[Result "1-0"]
[WhiteElo "2442"]
[BlackElo "2674"]
[TimeControl "180+1"]
[EndTime "10:30:47 PDT"]
[Termination "Rap_woyska won by checkmate"]

1. c4 e6 2. Nf3 d5 3. e3 Nf6 4. b3 Nc6 5. Bb2 g6 6. Nc3 Bg7 7. d4 O-O 8. Bd3 b6 9. O-O Bb7 10. a3 Ne7 11. cxd5 exd5 12. b4 Nc8 13. Qc2 Nd6 14.
Rfc1 a6 15. Ne5 Rc8 16. a4 Re8 17. b5 a5 18. Ba3 Nfe4 19. Ne2 Qh4 20. Nf4 g5 21.
Nf3 Qh6 22. Ne2 g4 23. Ne5 Rxe5 24. dxe5 Bxe5 25. Ng3 Bxa1 26. Rxa1 c5 27. bxc6 Rxc6 28. Qe2 Qf6 29. Bb2 Qe6 30. Qe1 f6 31. Bd4 Nf5 32.
Bb2 Nfxg3 33. hxg3 Nc5 34. Bb5 Rc7 35. Rd1 Ne4 36.
Bd4 Qf5 37. Rc1 Rxc1 38. Qxc1 Qxf2+ 39. Kh1 Nxg3+ 40. Kh2 Nf1+ 41. Kh1 Ng3+ 42. Kh2 Ne4 43. Bd7 g3+ 44. Kh3 Ng5+ 45. Kg4 Qxg2 46. Qc7 Qf3+ 47. Kh4 Ne6 48. Qb8+ Kf7 49. Bxe6+ Kxe6 50. Qxb7 Qe4+ 51. Kh3 g2 52. Qc6+ Kf5 53. Qc1 Qf3+ 54. Kh2 Qf1 55. Qc2+ Ke6 56. Qxg2 Qf5 57. Bxb6 Qh5+ 58. Qh3+ Qxh3+ 59. Kxh3 f5 60. Bxa5 Ke5 61. Bc3+ Ke4 62. a5 Kxe3 63.
a6 d4 64. Ba5 f4 65. a7 f3 66.
a8=Q f2 67. Kg2 Ke2 68. Qf3# 1-0

[Event "*** SCC Grand Prix: Titled Tuesday Blitz"]
[Site "Chess.com"]
[Date "2020.07.07"]
[Round "3"]
[White "silverback96"]
[Black "TST2014"]
[Result "1/2-1/2"]
[WhiteElo "2242"]
[BlackElo "2491"]
[TimeControl "180+1"]
[EndTime "10:30:47 PDT"]
[Termination "Game drawn - insufficient material"]

1. d4 Nf6 2. c4 c5 3. d5 b5 4.
cxb5 a6 5. bxa6 Bxa6 6. Nc3 g6 7. e4 Bxf1 8. Kxf1 d6 9. Nf3 Bg7 10. g3 O-O 11. Kg2 Nbd7 12. a4 Qb6 13. Qc2 Rfb8 14. Nb5 Ne8 15. Bg5 Kf8 16. Bd2 Nc7 17. Nxc7 Qxc7 18. Bc3 Qb7 19. Rhb1 Qb3 20. Qxb3 Rxb3 21.
Bxg7+ Kxg7 22. Nd2 Rb4 23. b3 f5 24. Re1 Kf7 25.
f3 Ne5 26. f4 Rd4 27. Re2 Nd3 28. Nf3 Rb4 29. Ng5+ Kg8 30. exf5 Rxb3 31. fxg6 hxg6 32. Rxe7 Rb2+ 33. Kg1 c4 34. Rc7 Nc5 35. Ne6 c3 36.
Nxc5 c2 37. Nd3 Rb1+ 38. Kf2 Rxa1 39. Rxc2 R1xa4 40. Rc6 R4a6 41. Rxa6 Rxa6 42. Ke3 Ra4 43. h4 Kf7 44. Nf2 Kf6 45. Ne4+ Ke7 46. Kf3 Rd4 47.
Ng5 Rxd5 48. g4 Rd1 49. h5 gxh5 50. gxh5 d5 51. h6 Kf6 52. h7 Kg7 53. Ke3 d4+ 54.
Ke4 d3 55. Ke3 d2 56. Ke2 Rf1 57. Kxd2 Kh8 58. Ke3 Re1+ 59. Kf3 Rf1+ 60. Kg4 Rg1+ 61. Kf5 Ra1 62. Kg6 Ra6+ 63. Kf7 Ra7+ 64. Kg6 Ra6+ 65.
Kh5 Kg7 66. Kg4 Ra4 67. Kf5 Ra5+ 68. Kg4 Ra4 69. Kg3 Ra3+ 70. Kf2 Rb3 71. Ke2 Ra3 72. Kf2 Ra4 73. Kg2 Rxf4 74. Ne6+ Kxh7 75. Nxf4 1/2-1/2

[Event "*** SCC Grand Prix: Titled Tuesday Blitz"]
[Site "Chess.com"]
[Date "2020.07.07"]
[Round "3"]
[White "andriipalchuk"]
[Black "AlexOstrovskiy"]
[Result "0-1"]
[WhiteElo "2438"]
[BlackElo "2666"]
[TimeControl "180+1"]
[EndTime "10:30:49 PDT"]
[Termination "AlexOstrovskiy won by resignation"]

1. e4 c6 2. d4 d5 3. Nc3 dxe4 4.
Nxe4 Nf6 5. Ng3 h5 6. h4 c5 7. Nf3 Bg4 8. Be3 cxd4 9. Qxd4 Nc6 10. Qxd8+ Rxd8 11. Be2 e5 12. c3 Nd5 13. Bd2 f6 14. Bc4 Nb6 15. Bb5 a6 16. Be2 Be7 17. O-O-O Kf7 18.
Nh2 Bxe2 19. Nxe2 Nc4 20. b3 Nxd2 21. Rxd2 Rxd2 22. Kxd2 f5 23. g3 e4 24. Nf1 Ne5 25. Ne3 g6 26. Nd4 b5 27. Ke2 Rc8 28. Rc1 Bc5 29.
Rd1 Ba3 30. Nd5 Bf8 31. f3 exf3+ 32. Nxf3 Ng4 33. Ng5+ Kg8 34. Nf4 Re8+ 35. Kf3 Re3+ 36. Kg2 Rxc3 37. Rd8 Rc2+ 38. Kg1 Rc1+ 39. Kg2 Rc2+ 40.
Kf1 Rc1+ 41. Ke2 Rc2+ 42. Ke1 Rc1+ 43. Kd2 Ra1 44. Nfe6 Rxa2+ 45. Kd3 Ne5+ 46. Ke3 Ng4+ 47. Kd3 Ne5+ 48. Ke3 Ng4+ 49. Kd4 Rd2+ 50. Kc3 Rxd8 51. Nxd8 Bd6 52. Nde6 Bxg3 53. Nf3 Bd6 54. b4 Ne5 55. Nfg5 Nf7 56. Nf3 Be7 57. Nf4 Bf6+ 58. Kd3 Kh7 59. Nd5 Ne5+ 60. Ke3 Ng4+ 61. Kf4 Bd8 62. Nc3 Be7 63. Kg3 Bxb4 64. Nd5 Bd6+ 65. Kh3 b4 66. Ng5+ Kg8 67. Ne6 Kf7 68. Nd4 a5 69. Nb6 Be5 70.
Nb3 Bc7 71. Na4 Bd8 72. Nac5 Nf2+ 73. Kg3 Ne4+ 74. Nxe4 fxe4 75. Kf4 a4 76. Nc1 b3 0-1

[Event "*** SCC Grand Prix: Titled Tuesday Blitz"]
[Site "Chess.com"]
[Date "2020.07.07"]
[Round "3"]
[White "Sankalp_Gupta2003"]
[Black "attack2mateU"]
[Result "1-0"]
[WhiteElo "2833"]
[BlackElo "2625"]
[TimeControl "180+1"]
[EndTime "10:30:52 PDT"]
[Termination "Sankalp_Gupta2003 won by resignation"]

1. e4 c5 2. Nf3 d6 3. d4 cxd4 4. Qxd4 Nc6 5. Qe3 g6 6. Be2 Bg7 7. O-O Bg4 8. Rd1 Qb6 9. Qxb6 axb6 10. c3 Nf6 11. Nbd2 d5 12. exd5 Nxd5 13. Nc4 Rd8 14.
h3 Bf5 15. g4 Bc8 16. Ne3 Nf4 17. Rxd8+ Kxd8 18. Bf1 h5 19. Nc4 hxg4 20. Ng5 Ke8 21. Bxf4 gxh3 22. Bh2 b5 23. Ne3 b4 24. cxb4 Bxb2 25. Rb1 Bd4 26. b5 Ne5 27. Rd1 Bxe3 28. fxe3 Ng4 29. Rc1 Bd7 30. Bxh3 f6 31. Bxg4 Bxg4 32.
Ne4 Rh5 33. a4 Bf3 34. Ng3 Rd5 35. Kf2 Bg4 36. Nf1 Rd3 37. Rc7 Ra3 38. Rxb7 Rxa4 39.
b6 Rb4 40. Rb8+ Kd7 41. Bc7 Be6 42. Nd2 Bd5 43. Ke2 Ke6 44. Kd3 g5 45. e4 Bc6 46.
Kc3 Rb5 47. Rg8 Kf7 48. Rd8 g4 49. Rd3 e6 50. Kd4 Kg6 51. Rc3 e5+ 52. Ke3 Bd7 53. Nc4 Rb1 54. Nd6 g3 55. Kf3 Kg5 56. Kxg3 Bg4 57.
Kf2 Kf4 58. b7 Rb2+ 59. Ke1 Re2+ 60. Kf1 Rh2 61. b8=Q Bf3 62. Rxf3+ Kxf3 63. Qb3+ Kf4 64. Kg1 Re2 65. Qd3 Re3 66. Qf1+ Rf3 67. Qc1+ Kg3 68. Qe1+ Kf4 69. Nf5 Kg4 70. Ba5 Rf4 71. Qh4+ Kf3 72.
Qe1 Rxe4 73. Qf2+ Kg4 74. Ne3+ Kg5 75. Qf5+ Kh6 76. Qxe4 1-0

[Event "*** SCC Grand Prix: Titled Tuesday Blitz"]
[Site "Chess.com"]
[Date "2020.07.07"]
[Round "3"]
[White "Manukyan_Artak"]
[Black "mbojan"]
[Result "0-1"]
[WhiteElo "2348"]
[BlackElo "2541"]
[TimeControl "180+1"]
[EndTime "10:30:58 PDT"]
[Termination "mbojan won on time"]

1. e4 c5 2. Nf3 Nc6 3. c3 g6 4. d4 d6 5. d5 Nb8 6. a4 Bg7 7. Bd3 Nf6 8. h3 O-O 9. O-O Na6 10. Na3 Nc7 11. Nc4 b6 12. Re1 Rb8 13. Bf4 a6 14. Bh2 Bd7 15. Qc2 b5 16. axb5 axb5 17.
Na5 Rb6 18. b4 Na6 19. Rab1 Qa8 20. Qd2 Rc8 21. g4 Be8 22. Bf1 h5 23. g5 Nd7 24.
h4 Ne5 25. Nxe5 Bxe5 26. f4 Bg7 27. e5 dxe5 28. fxe5 Rd8 29. Bg2 Qc8 30. Qf2 Bd7 31. Nb3 Bf5 32. bxc5 Nxc5 33. Nxc5 Bxb1 34. Rxb1 Kh7 35.
Qxf7 Qxc5+ 36. Qf2 Qxf2+ 37. Kxf2 Rf8+ 38. Ke3 Rbb8 39. Be4 Rbc8 40. Kd3 Rf2 41. Bg1 Ra2 42.
Bd4 Ra5 43. Rb3 Rca8 44. d6 Ra1 45. Bxa8 Rxa8 46. dxe7 Re8 47. Rxb5 Rxe7 48. Ke4 Kg8 49. Rb8+ Kf7 50. Ra8 Rd7 51. Ra7 Rxa7 52. Bxa7 Ke6 53. Bd4 Bf8 54. c4 Bb4 55. c5 Be1 56. c6 Bxh4 57.
c7 Kd7 58. Kd5 Kxc7 59. e6 Bxg5 60. Bc5 Kd8 61. Ke5 Be7 62. Bb6+ Ke8 63. Kf4 Kf8 64. Bc7 Kg7 65. Be5+ Kh6 66. Kg3 g5 67. Bc7 Kg6 68. Be5 Kf5 69. Bd4 Kxe6 70. Kh3 g4+ 71. Kg2 Kf5 72. Bf2 h4 73. Kh1 h3 74. Be1 Ke4 0-1

[Event "*** SCC Grand Prix: Titled Tuesday Blitz"]
[Site "Chess.com"]
[Date "2020.07.07"]
[Round "3"]
[White "124chess"]
[Black "Duhless"]
[Result "0-1"]
[WhiteElo "2692"]
[BlackElo "3070"]
[TimeControl "180+1"]
[EndTime "10:31:05 PDT"]
[Termination "Duhless won by resignation"]

1. d4 Nf6 2. c4 g6 3. Nc3 Bg7 4. e4 d6 5. Be2 O-O 6. Be3 Nc6 7. Nf3 Ng4 8. Bg5 f6 9. Bh4 e5 10. h3 Nh6 11. dxe5 dxe5 12. Qxd8 Nxd8 13. Nd5 Ne6 14.
O-O-O Kf7 15. Kb1 c6 16. Nc3 Ke8 17. Rd2 Nf7 18. Bg3 Bh6 19. Rdd1 Ke7 20. Ne1 Bf4 21. Bxf4 exf4 22. Bg4 Ne5 23. b3 Nc5 24. Bxc8 Raxc8 25. Nc2 f3 26. gxf3 Nxf3 27. Ne3 Rcd8 28. b4 Ne6 29. c5 Nf4 30. Nc4 h5 31. Rd6 Rxd6 32. Nxd6 b6 33. Nc4 bxc5 34. bxc5 Ne6 35. Na5 Rc8 36.
Nb3 Rd8 37. Kc2 Nfd4+ 38. Nxd4 Rxd4 39. Rb1 Nxc5 40. Rb8 Nd3 41. Rb7+ Ke6 42. Rxa7 Nxf2 43. a4 Nxe4 44. Nd1 Rd2+ 45. Kc1 Ra2 46. Kb1 Rd2 47. Kc1 Rd4 48. a5 Nc5 49. Ra8 Ra4 50. Nc3 Rxa5 51. Re8+ Kf7 52. Rc8 Ne6 53. Rxc6 Rc5 54. Rxc5 Nxc5 55.
Kd2 Ke6 56. Ke3 Ke5 57. Kf3 Ne6 58. Kg3 Nd4 59. Nd1 Nf5+ 60. Kf3 Nd4+ 61. Kg3 Ke4 62. Nc3+ Kf5 63. Nd5 Nc6 64. Kf3 Ne5+ 65. Kg3 g5 66. Ne7+ Ke6 67. Nc8 f5 68. Nb6 f4+ 69. Kf2 g4 70.
hxg4 hxg4 71. Na4 Kf5 72. Nc5 g3+ 73. Kg2 Kg4 74. Ne4 f3+ 75. Kf1 Kf4 76. Nd2 Ng4 77. Kg1 Ne3 0-1

[Event "*** SCC Grand Prix: Titled Tuesday Blitz"]
[Site "Chess.com"]
[Date "2020.07.07"]
[Round "3"]
[White "Haykoooo0o"]
[Black "Alopekos"]
[Result "1-0"]
[WhiteElo "2538"]
[BlackElo "2346"]
[TimeControl "180+1"]
[EndTime "10:31:08 PDT"]
[Termination "Haykoooo0o won by resignation"]

1. e4 c5 2. Nc3 a6 3. f4 b5 4.
g3 Bb7 5. Bg2 Nf6 6. d3 e6 7.
Nh3 d5 8. e5 Ng8 9. O-O Nc6 10.
Bd2 Nh6 11. Ne2 Ng4 12. c3 Qb6 13. c4 dxc4 14. dxc4 O-O-O 15. Nc3 Ne3 16. Bxe3 Rxd1 17. Rfxd1 Nd4 18. Ne4 Nc2 19. Nd6+ Bxd6 20. Rxd6 Qc7 21. Bxb7+ Kxb7 22. Rad1 Nxe3 23. R1d3 Nxc4 24. Rd7 h6 25. b3 Nb6 26. Rxc7+ Kxc7 27. Nf2 Rd8 28. Rc3 Kc6 29. Ne4 Rd5 30. Kf2 c4 31. b4 Na4 32.
Rc2 Rd4 33. Nd6 f6 34. Ne8 fxe5 35. fxe5 g5 36. Ng7 Re4 37. Nxe6 Rxe5 38. Nd4+ Kd5 39. Nf3 Rf5 40. Ke3 Rf8 41. Rd2+ Kc6 42. Ne5+ Kc7 43. g4 Re8 44. Ke4 Nc3+ 45. Kf5 Na4 46. Rd7+ Kb6 47. Rd6+ Kc7 48. Rc6+ Kb7 49. Rxh6 c3 50. Rh7+ Kb6 51. Rh6+ Kb7 52. Rh7+ Kb8 53. Nc6+ Kc8 54. Na7+ Kb8 55. Nc6+ Kc8 56. Nd4 Rd8 57. Nb3 Rd1 58. Kxg5 Rb1 59.
Rh6 c2 60. Rc6+ Kd7 61. Na5 c1=Q+ 62. Rxc1 Rxc1 63. h4 Nb6 64. h5 Ke6 65. Kh6 Nd7 66.
g5 Ne5 67. Nb3 Rc7 68. Nd4+ Kf7 69. g6+ Kg8 70. Nf5 Nd7 71. Ne7+ Kf8 72. g7+ Kxe7 73. g8=Q Rc6+ 74. Kg5 Rf6 75. Qh7+ Rf7 76. Qe4+ Kf8 77. h6 Nf6 78. Qe6 Nh7+ 79. Kg6 Rf6+ 80. Qxf6+ Nxf6 81. Kxf6 Kg8 82. Ke6 Kh7 83. Kd6 Kxh6 84. Kc6 Kg6 85. Kb6 Kf6 1-0

[Event "*** SCC Grand Prix: Titled Tuesday Blitz"]
[Site "Chess.com"]
[Date "2020.07.07"]
[Round "3"]
[White "Al_Shima"]
[Black "Kavyev_Ruslan"]
[Result "0-1"]
[WhiteElo "2345"]
[BlackElo "2534"]
[TimeControl "180+1"]
[EndTime "10:31:10 PDT"]
[Termination "Kavyev_Ruslan won on time"]

1. b3 Nf6 2. Bb2 g6 3. Bxf6 exf6 4. c4 d5 5. cxd5 Qxd5 6. Nc3 Qa5 7. a3 c6 8. e3 f5 9. Nf3 Bd6 10. Be2 O-O 11.
O-O Nd7 12. Qc2 Nf6 13. Rfb1 a6 14. b4 Qc7 15. a4 Bd7 16. Qb2 Ne4 17. d3 Nxc3 18.
Qxc3 Rfd8 19. g3 Bf8 20. d4 h5 21. h4 Rdc8 22. Kg2 Bg7 23. Rc1 Qd6 24. Qe1 Bf8 25. Rab1 Be6 26. Bc4 Bd7 27. Qe2 Be6 28. a5 Bd5 29. Bxd5 Qxd5 30. Kg1 Re8 31. Qd1 Rad8 32.
Ne5 Qe6 33. Qb3 Rd5 34. Nd3 Qf6 35. Nc5 Re7 36. Rc2 f4 37. gxf4 Qxh4 38. Qd3 Bg7 39. Qf1 g5 40. Nd3 gxf4 41. Nxf4 Rg5+ 42. Ng2 Qg4 43.
f3 Qe6 44. Re1 h4 45. Kf2 Qg6 46. Nf4 Qxc2+ 47. Re2 Qc4 48. Qh3 Bxd4 49. Qxh4 Rg7 50.
Qxe7 Bc3 51. Qd8+ Kh7 52. Qd3+ Qxd3 53. Nxd3 Rg5 54. Rc2 Bf6 55. f4 Rb5 56. Rc4 Be7 57. Kf3 Kg6 58. Ne5+ Kf5 59. Nd3 Ke6 60. e4 f5 61. e5 Kd5 62. Rc2 Bxb4 63. Rb2 Bxa5 64. Rc2 Bb6 65. Ke2 a5 66. Ra2 Bd8 67. Ne1 Be7 68.
Nc2 Ke4 69. Ra4+ Bb4 70. Na3 Kxf4 71. Nxb5 cxb5 72. Rxb4+ axb4 73. e6 b3 74. e7 b2 75.
e8=Q b1=Q 76. Qb8+ Ke4 77. Qxb7+ Kd4 78. Qd7+ Kc3 79. Qc6+ Kb4 80. Qd6+ Kb3 81. Qd5+ Ka3 0-1

[Event "*** SCC Grand Prix: Titled Tuesday Blitz"]
[Site "Chess.com"]
[Date "2020.07.07"]
[Round "3"]
[White "gross-aleks"]
[Black "Vaathi_Coming"]
[Result "1/2-1/2"]
[WhiteElo "2606"]
[BlackElo "2891"]
[TimeControl "180+1"]
[EndTime "10:31:11 PDT"]
[Termination "Game drawn by agreement"]

1. c4 Nf6 2. Nf3 g6 3. Nc3 Bg7 4. d4 O-O 5. e4 d6 6. Be2 Na6 7. Bg5 c5 8. d5 Nc7 9. O-O Nd7 10. Qd2 b5 11. cxb5 a6 12. a4 axb5 13. axb5 Bb7 14. Rxa8 Nxa8 15. Bh6 Qa5 16. Bxg7 Kxg7 17. h4 Nab6 18. h5 Qb4 19. Re1 f6 20. Nh4 Ne5 21.
h6+ Kf7 22. Nf3 Nxf3+ 23. gxf3 Nc4 24. Bxc4 Qxc4 25. f4 Bc8 26. Qe3 Kg8 27. Qg3 Qb3 28. e5 Qxb2 29. exd6 exd6 30. Re7 Bf5 31. Qe3 g5 32.
Re8 Bd7 33. Rxf8+ Kxf8 34. fxg5 fxg5 35. Ne4 Qxb5 36. Nxd6 Qb1+ 37. Kg2 Qg6 38. Qe5 Qxh6 39. Ne4 Qh3+ 40. Kg1 Qg4+ 41. Ng3 Qf4 42. Qh8+ Ke7 43. Qxh7+ Kd6 44. Qg7 Bh3 45. Qg8 Bg4 46. Qg6+ Kxd5 47. Qg8+ Be6 48. Qg7 c4 49. Ne2 Qg4+ 50. Kf1 Qh3+ 51.
Ke1 Qh1+ 52. Kd2 Qh4 53. Nc3+ Kc6 54. Qf8 Qf4+ 55. Qxf4 gxf4 56. Ne2 f3 57. Nd4+ Kd5 58. Kc3 Bg4 59. Nc2 Ke4 60. Ne3 Bh3 61. Kxc4 Be6+ 62. Kc3 Kf4 63. Kd2 Kg5 64. Nc2 Kh4 65. Nd4 Bd5 66. Ke3 Kg4 67. Nc2 Bb7 68. Ne1 Bc6 69. Nd3 Kf5 70. Nb4 Be4 71. Kd4 Kf4 72. Nd5+ Bxd5 73.
Kxd5 Kg4 74. Kd4 Kh3 75. Ke4 Kg4 76. Ke3 Kg5 77. Kxf3 Kf5 1/2-1/2